 Dungeon Crawl Stone Soup version 0.31-a0-152-g6aa68a64a1 (webtiles) character file.

Game seed: 4015315209715281009

129 qw the Shooter (level 4, -4/39 HPs)
             Began as a Minotaur Hunter on June 10, 2023.
             Shot with an arrow by a centaur (13 damage)
             ... on level 3 of the Dungeon.
             The game lasted 00:00:45 (1788 turns).

qw the Shooter (Minotaur Hunter)                    Turns: 1788, Time: 00:00:46

Health: -4/39      AC:  5    Str: 16    XL:     4   Next: 88%
Magic:  3/3        EV: 11    Int:  6    God:
Gold:   123        SH:  0    Dex: 15    Spells: 3/3 levels left

rFire   . . .        Y - +0 shortbow
rCold   . . .        (shield currently unavailable)
rNeg    . . .        g - +0 ring mail
rPois   .            (helmet restricted)
rElec   .            (no cloak)
rCorr   .            (no gloves)
SInv    .            (no boots)
Will    .....        (no amulet)
Stlth   +            (no ring)
HPRegen 0.26/turn    (no ring)
MPRegen 0.08/turn

%: no passive effects
@: no status effects
A: horns 2, retaliatory headbutt
a: no special abilities


You were on level 3 of the Dungeon.
You visited 1 branch of the dungeon, and saw 3 of its levels.

You collected 123 gold pieces.


Innate Abilities, Weirdness & Mutations

You have a pair of horns on your head.
You reflexively headbutt those who attack you in melee.


   Skills:
 + Level 3.6 Fighting
 - Level 6.2 Ranged Weapons
 - Level 1.1 Armour
 - Level 2.1 Dodging
 - Level 0.7 Stealth


You had 3 spell levels left.
You didn't know any spells.
Your spell library was empty.

Inventory:

Hand Weapons
 Y - a +0 shortbow (weapon)
Armour
 g - a +0 ring mail (worn)
Scrolls
 b - 3 scrolls of identify
Potions
 a - a potion of attraction {unknown}

Dungeon Overview and Level Annotations

Branches:
Dungeon (3/15)

Altars:
Makhleb

Shops:
D:1 *   D:3 [


Message History

There is an entrance to Wukkeone's Armour Boutique here.
Enter note:
1767 ||| SHOPLISTING +1 leather armour "Uhelag" {rN+ Str-3 Dex+4 SInv} (318 gold, have 123).
You can access your shopping list by pressing '$'.
1767 ||| SHOPLISTING +2 robe of the Archmagi (490 gold, have 123).
You can access your shopping list by pressing '$'.
An endoplasm comes into view.
The endoplasm quivers.
Enter note: You shoot an arrow.
The arrow barely misses the endoplasm.
The endoplasm jiggles.
You shoot an arrow. The arrow barely misses the endoplasm.
You shoot an arrow. The arrow hits the endoplasm.
You kill the endoplasm!
A centaur comes into view.
Found 4 stones.
The centaur shouts!
The centaur wields a +0 orcbow.
The centaur shoots an arrow.
The arrow hits you!
Enter note:
Enter note: You shoot an arrow.
The arrow closely misses the centaur.
The centaur shoots an arrow.
The arrow closely misses you.
The centaur shoots an arrow.
The arrow hits you!
You shoot an arrow.
The arrow hits the centaur but does no damage.
You shoot an arrow. The arrow barely misses the centaur.
The centaur shoots an arrow.
The arrow hits you!
You shoot an arrow. The arrow hits the centaur.
The centaur is lightly wounded.
The centaur shoots an arrow.
The arrow hits you.
The centaur shoots an arrow.
The arrow misses you.
You shoot an arrow. The arrow hits the centaur.
The centaur is moderately wounded.
The centaur shoots an arrow.
The arrow closely misses you.
You shoot an arrow. The arrow barely misses the centaur.
The centaur shoots an arrow.
The arrow closely misses you.
You shoot an arrow. The arrow hits the centaur.
The centaur is heavily wounded.
The centaur shoots an arrow.
The arrow hits you!
You die...

....
..............%......#
#.##
####.#................#
...
#.#................# .
.# ...................#
....................#
.##.......(..><....##
#.##.....##.....## #.
#....######### ####@#
#........(.#
#............
#.........c....
#..............
##.............
#.............
#.............


You could see a centaur.

Vanquished Creatures
  A sleepcap (D:3)
  4 adders
  5 dart slugs
  4 ball pythons
  3 bats
  7 endoplasms
  2 giant cockroaches
  6 goblins
  4 hobgoblins
  2 jackals (D:1)
  5 quokkas
  4 frilled lizards
  4 kobolds
  5 rats
56 creatures vanquished.

Notes
Turn   | Place    | Note
-------+----------+-------------------------------------------
     0 | D:1      | qw the Minotaur Hunter began the quest for the Orb.
     0 | D:1      | Reached XP level 1. HP: 18/18 MP: 0/0
     0 | D:1      | 0 ||| qw: Version: 0.2-a-122-gbc61b45
     0 | D:1      | 0 ||| qw: Game counter: 3655
     0 | D:1      | 0 ||| qw: Always use a shield: true
     0 | D:1      | 0 ||| qw: God list: Okawaru
     0 | D:1      | 0 ||| qw: Allow faded altars: false
     0 | D:1      | 0 ||| qw: Do Orc after D:15 true
     0 | D:1      | 0 ||| qw: Do second Lair branch before Depths: true
     0 | D:1      | 0 ||| qw: Lair rune preference: random
     0 | D:1      | 0 ||| qw: Plans: Normal
     0 | D:1      | 0 ||| PLANNING D:1-11
    29 | D:1      | 29 ||| FLEEEEING.
    30 | D:1      | 30 ||| FLEEEEING.
    31 | D:1      | 31 ||| FLEEEEING.
    81 | D:1      | Found Noestoxt's Assorted Antiques.
    87 | D:1      | Reached XP level 2. HP: 25/25 MP: 1/1
   102 | D:1      | 102 ||| FLEEEEING.
   103 | D:1      | 103 ||| FLEEEEING.
   104 | D:1      | 104 ||| FLEEEEING.
   150 | D:1      | Reached skill level 5 in Ranged Weapons
   172 | D:1      | 172 ||| SHOPLISTING fuming black potion (18 gold, have 9).
   172 | D:1      | 172 ||| SHOPLISTING ring mail (84 gold, have 9).
   172 | D:1      | 172 ||| SHOPLISTING runed cloak (157 gold, have 9).
   172 | D:1      | 172 ||| SHOPLISTING scroll labelled ACLIPT GUOTOGO (21
                  | gold, have 9).
   172 | D:1      | 172 ||| SHOPLISTING scroll labelled IXTYFR TYUNUI (21 gold,
                  | have 9).
   172 | D:1      | 172 ||| SHOPLISTING scroll labelled METYFYJODO (21 gold,
                  | have 9).
   234 | D:1      | Reached skill level 3 in Fighting
   333 | D:1      | Reached XP level 3. HP: 31/31 MP: 2/2
   584 | D:1      | 584 ||| UPGRADING to +0 ring mail.
   594 | D:1      | 594 ||| DROPPING +0 leather armour.
   595 | D:1      | 595 ||| READING scroll labelled NEUVVE ABIENIUGOPN.
   596 | D:1      | 596 ||| READING scroll labelled IXTYFR TYUNUI.
   600 | D:1      | 600 ||| READING scroll labelled NIRIWK OBUOGA.
   601 | D:1      | 601 ||| DROPPING scroll of butterflies.
   603 | D:1      | 603 ||| Stepping ~*~*~tactically~*~*~ (cloud).
  1032 | D:2      | Reached skill level 1 in Armour
  1240 | D:2      | Reached XP level 4. HP: 38/38 MP: 3/3
  1465 | D:2      | 1465 ||| READING 5 scrolls labelled METYFYJODO.
  1466 | D:2      | 1466 ||| READING 4 scrolls of identify.
  1466 | D:2      | 1466 ||| IDENTIFYING golden potion
  1467 | D:2      | 1467 ||| DROPPING potion of ambrosia.
  1507 | D:3      | Reached skill level 6 in Ranged Weapons
  1714 | D:3      | Found a burning altar of Makhleb.
  1754 | D:3      | Found Wukkeone's Armour Boutique.
  1767 | D:3      | 1767 ||| SHOPLISTING +1 leather armour "Uhelag" {rN+ Str-3
                  | Dex+4 SInv} (318 gold, have 123).
  1767 | D:3      | 1767 ||| SHOPLISTING +2 robe of the Archmagi (490 gold,
                  | have 123).
  1781 | D:3      | Noticed a centaur
  1785 | D:3      | HP: 8/39 [centaur/arrow (2)]
  1788 | D:3      | Shot with an arrow by a centaur

Levels and vault maps discovered:
D:1:      dpeg_arrival_orchard, layout_basic, serial_shops, shop
D:2:      layout_loops_ring, chequers_arboretum, hangedman_decor_diamond_cutter,
          roderic_lattice_a, chequers_serial_rivers_room_b
D:3:      layout_rooms, overflow_temple_1_default, serial_shops,
          nicolae_shop_just_a_little_nook, nicolae_figureground_sparkle

Skill      XL: |  1  2  3  4 |
---------------+-------------+-----
Ranged Weapons | 5 6 |  6.2
Fighting       | 3 |  3.6
Armour         | 1 |  1.1
Dodging        | |  2.1
Stealth        | |  0.7

Action                     |  1- 3 |  4- 6 || total
---------------------------+-------+-------++-------
   Fire: Shortbow          |    91 |    60 ||   151
    Use: Scroll            |     3 |     2 ||     5
 Armour: Leather armour    |     2 |       ||     2
         Ring mail         |     3 |    12 ||    15
  Dodge: Dodged            |    12 |    19 ||    31

Table legend:
 A = Non-vault XP
 B = Vault XP
 C = Vault XP percentage of total XP
 D = Non-vault monster count
 E = Vault monster count
 F = Vault count percentage of total count
                 A         B        C        D         E       F
            +---------+---------+-------+---------+---------+-------
      Total |     185 |       0 |   0.0 |      56 |       0 |   0.0
            +---------+---------+-------+---------+---------+-------
        D:1 |      49 |       0 |   0.0 |      26 |       0 |   0.0
        D:2 |      48 |       0 |   0.0 |      15 |       0 |   0.0
        D:3 |      88 |       0 |   0.0 |      15 |       0 |   0.0
            +---------+---------+-------+---------+---------+-------
